Cogmind - Beta 16 @@@ ROGUE MODE // 2025.12.11 @ 22:45:22 Player: LVL98_Snorlax Result: Destroyed by G-47 Trooper with Particle Gun Performance ------------- Evolutions (2) 1000 Regions Visited (5) 1000 Robots Destroyed (24) 120 Value Destroyed (521) 521 Prototype IDs (0) 0 Alien Tech Used (0) 0 Bonus (0) 0 TOTAL SCORE: 2641 Bonus ------- None Cogmind --------- Core Integrity 0/550 Matter 268/300 Energy 80/100 System Corruption 0% Temperature Cool (18) Movement Core (750) Ox14 Location -8/Materials Parts ------- > --- POWER (2) -------- (None) > --- PROPULSION (3) --- (None) > --- UTILITY (4) ------ High-capacity Storage Unit Utility Shielding > --- WEAPON (2) ------- Mining Claw > --- INVENTORY (20) --- Improved Aluminum Leg High-capacity Storage Unit Structural Scanner Recoil Stabilizer Recoil Stabilizer Recoil Stabilizer Hacking Suite Mining Claw Mining Claw Mining Claw Mining Claw Peak State ------------ > --- POWER ------------ Ion Engine Light Ion Engine > --- PROPULSION ------- Light Treads Light Treads Light Treads > --- UTILITY ---------- High-capacity Storage Unit Propulsion Shielding Utility Shielding Light Armor Plating > --- WEAPON ----------- EM Pulse Gun Mining Claw > --- INVENTORY -------- High-capacity Storage Unit Structural Scanner Recoil Stabilizer Recoil Stabilizer Recoil Stabilizer Weapon Shielding EM Pulse Gun Mining Claw Mining Claw Mining Claw Mining Claw Mining Claw Mining Claw Mining Claw Mining Claw [Rating: 13] Favorites ----------- Power Ion Engine Engine Ion Engine Propulsion Light Treads Treads Light Treads Leg Aluminum Leg Utility High-capacity Storage Unit Device Structural Scanner Storage High-capacity Storage Unit Processor Transport Network Coupler Protection Utility Shielding Weapon Assault Rifle Energy Gun Small Laser Ballistic Gun Assault Rifle Launcher Grenade Launcher Slashing Weapon Mining Claw Build | -11 -10 -10 -10 -9 -8 ------- Run | Yrd Mat Min Exi Min Mat Slots Evolved 4 | . . . . . 4 Power 1 | . . . . . 1 Propulsion 1 | . . . . . 1 Utility 2 | . . . . . 2 Weapon . | . . . . . . Parts Attached 31 | 7 15 . . 2 7 Power 3 | 1 2 . . . . Engine 3 | 1 2 . . . . Core . | . . . . . . Reactor . | . . . . . . Propulsion 7 | 2 4 . . . 1 Treads 5 | . 4 . . . 1 Leg 2 | 2 . . . . . Wheel . | . . . . . . Hover . | . . . . . . Flight . | . . . . . . Utility 8 | 1 4 . . 1 2 Device 1 | . 1 . . . . Storage 2 | 1 1 . . . . Processor 1 | . 1 . . . . Hackware . | . . . . . . Protection 4 | . 1 . . 1 2 Artifact . | . . . . . . Weapon 13 | 3 5 . . 1 4 Energy Gun 3 | 2 . . . 1 . Energy Cannon . | . . . . . . Ballistic Gun 3 | 1 2 . . . . Ballistic Cannon . | . . . . . . Launcher 1 | . 1 . . . . Special Weapon . | . . . . . . Impact Weapon . | . . . . . . Slashing Weapon 6 | . 2 . . . 4 Piercing Weapon . | . . . . . . Special Melee Weapon . | . . . . . . Unidentified Prototypes . | . . . . . . Parts Lost 18 | . 4 . . 1 13 Power 3 | . 1 . . . 2 Propulsion 5 | . 2 . . . 3 Utility 3 | . . . . . 3 Weapon 7 | . 1 . . 1 5 Highest Loss Streak 13 | . 1 . . 1 13 To Critical Strikes . | . . . . . . Average Backups 13 | 3 12 16 17 16 13 Power . | . . 1 1 1 . Propulsion 1 | 1 1 1 1 1 . Utility 2 | . 1 4 5 5 4 Weapon 8 | 1 8 10 10 9 8 Tool/Special . | . . . . . . Unused Backups 8 | . . . . . 8 Power . | . . . . . . Propulsion . | . . . . . . Utility 5 | . . . . . 5 Weapon 3 | . . . . . 3 Tool/Special . | . . . . . . Average Slot Usage (%) 98 | . 98 100 100 94 79 Engine 13 | . 14 14 14 14 12 Treads 25 | . 24 28 28 28 20 Leg 2 | . 3 . . . . Device 8 | . 6 14 14 13 . Storage 13 | . 14 14 14 14 9 Protection 4 | . 5 . . . 21 Energy Gun 1 | . 2 . . . 7 Ballistic Gun 10 | . 10 14 14 8 . Launcher 6 | . 10 . . . . Slashing Weapon 8 | . 5 14 14 14 7 Peak Build Rating 13 | 6 8 8 8 8 13 Average Rating 7 | 5 7 8 8 7 10 On Entrance 6 | . 6 8 8 8 8 Avg Prop Armor Cover (%) . | . . . . . . Naked Turns . | . . . . . . Heaviest Build 57 | 13 51 50 50 52 57 Greatest Support 60 | 20 40 40 40 40 60 Greatest Overweight (x) 13 | . 1 1 1 1 13 Average Overweight (x) . | . . 1 1 1 . Largest Inventory Capacity 20 | 8 20 20 20 20 20 Average Capacity 17 | 7 15 20 20 20 20 Most Carried 17 | 7 16 17 17 17 16 Average Carried 13 | 3 12 16 17 16 13 Final Capacity 20 | 8 20 20 20 20 20 Final Carried 17 | 4 14 17 17 16 11 Class Distribution -------------------- 100% | Mutant Dominant Class ---------------- Mutant | -10/Materials Mutant | -10/Mines Mutant | -10/Exiles Mutant | -9/Mines Mutant | -8/Materials Resources | -11 -10 -10 -10 -9 -8 ----------- Run | Yrd Mat Min Exi Min Mat Matter Collected 786 | 222 449 59 . 56 . Remotely . | . . . . . . Salvage Created 486 | . 430 . . 25 31 Parts 30 | . 28 . . 2 . Haulers Intercepted 1 | . 1 . . . . Recyclers Shooed 1 | . 1 . . . . Parts Field Recycled . | . . . . . . Retrieved Matter . | . . . . . . Parts Self-Destructed . | . . . . . . Prevented . | . . . . . . Parts Restored . | . . . . . . Kills | -11 -10 -10 -10 -9 -8 ------- Run | Yrd Mat Min Exi Min Mat Combat Hostiles Destroyed 17 | . 14 . . 2 1 Melee 3 | . 1 . . 2 . Guns 4 | . 4 . . . . AOE 10 | . 9 . . . 1 Classes Destroyed 7 | . 7 . . . . Worker 2 | . 2 . . . . Builder 2 | . 2 . . . . Hauler 1 | . 1 . . . . Recycler 1 | . 1 . . . . Watcher 1 | . 1 . . . . Swarmer 8 | . 6 . . 2 . Grunt 9 | . 8 . . . 1 Best Kill Streak 5 | . 5 . . 2 1 Combat Bots Only 4 | . 4 . . 2 1 Max Kills in Single Turn 3 | . 3 . . 1 1 Gunslinging . | . . . . . . Exploded 2 | . 2 . . . 1 Melee 1 | . 1 . . 1 . Uniques/NPCs Destroyed . | . . . . . . Combat | -11 -10 -10 -10 -9 -8 -------- Run | Yrd Mat Min Exi Min Mat Hostile Shots Fired 276 | . 133 . . 37 106 Missed 91 | . 45 . . 10 36 Hits 185 | . 88 . . 27 70 Melee 7 | . . . . . 7 Projectile 178 | . 88 . . 27 63 Critical Strikes 10 | . . . . . 10 Actively Blocked 4 | . . . . . 4 Damage Taken 2593 | . 1075 . . 215 1303 Core 786 | . 191 . . 37 558 Absorbed by Shields . | . . . . . . Redirected to Shielding 111 | . 17 . . . 94 Regen/Repaired (Parts) 50 | . 50 . . . . Core Remaining (%) 54 | 100 . . . 8 . Volleys Fired 63 | . 45 5 5 2 6 Largest 2 | . 2 1 1 1 1 Hottest 70 | . 70 20 20 20 40 Shots Fired 81 | . 63 5 5 2 6 Gun 67 | . 49 5 5 2 6 Cannon . | . . . . . . Launcher 14 | . 14 . . . . Special . | . . . . . . Kinetic 43 | . 31 5 5 2 . Thermal 18 | . 18 . . . . Explosive 14 | . 14 . . . . Electromagnetic 6 | . . . . . 6 Robot Hit Streak 5 | . 5 . . . 3 Robot Miss Streak 3 | . 3 . . 1 1 Penetration Max . | . . . . . . Secondary Targets . | . . . . . . Shots Hit Robots 53 | . 40 . . 4 9 Core Hits 37 | . 32 . . 1 4 Critical Kills . | . . . . . . Critical Parts Destroyed 1 | . 1 . . . . Critical Strikes 1 | . 1 . . . . Destroy 1 | . 1 . . . . Melee Attacks 20 | . 7 . . 7 6 Impact . | . . . . . . Slashing 20 | . 7 . . 7 6 Piercing . | . . . . . . Sneak Attacks . | . . . . . . Combat Hostiles . | . . . . . . Follow-up Attacks 1 | . . . . . 1 Damage Inflicted 1875 | . 1374 . . 94 407 Guns 375 | . 309 . . . 66 Cannons . | . . . . . . Explosions 1217 | . 940 . . . 277 Melee 278 | . 121 . . 94 63 Ramming 5 | . 4 . . . 1 Kinetic 215 | . 215 . . . . Thermal 371 | . 94 . . . 277 Explosive 940 | . 940 . . . . Electromagnetic 66 | . . . . . 66 Impact . | . . . . . . Slashing 278 | . 121 . . 94 63 Piercing . | . . . . . . Highest Corruption . | . . . . . . Average Corruption . | . . . . . . Corruption Purged . | . . . . . . Corruption Blocked . | . . . . . . Overload Shots . | . . . . . . Overflow Damage 165 | . 49 . . 12 104 Projectiles . | . . . . . . Explosions 153 | . 49 . . . 104 Melee 12 | . . . . 12 . Knockbacks . | . . . . . . Impact . | . . . . . . Kinetic . | . . . . . . Secondary . | . . . . . . Self-Inflicted Damage 184 | . 57 . . . 127 Shots 5 | . 3 . . . 2 Rammed 1 | . . . . . 1 Targets Rammed 2 | . 1 . . . 1 Kicked . | . . . . . . Crushed 1 | . 1 . . . . Highest Temperature 39 | . 39 . . . 27 Average Temperature 14 | . 14 . . . 11 Received Heat Transfer 960 | . 483 . . . 477 Siege Activations . | . . . . . . Martial Activations . | . . . . . . Shielding Activations . | . . . . . . Robots Disrupted . | . . . . . . Combat Hostiles . | . . . . . . Robots Corrupted . | . . . . . . Combat Hostiles . | . . . . . . Parts Fried . | . . . . . . Impact Corruptions . | . . . . . . Robots Melted . | . . . . . . Combat Hostiles . | . . . . . . Parts Melted . | . . . . . . Heat Transferred 400 | . 200 . . . 200 Parts Sabotaged . | . . . . . . Parts Stolen . | . . . . . . Parts Stripped . | . . . . . . Power Chain Reactions 1 | . . . . . 1 Alert | -11 -10 -10 -10 -9 -8 ------- Run | Yrd Mat Min Exi Min Mat Maximum Alert Level 1 | . 1 . . . . Low Security (%) 91 | 100 85 100 . 100 100 Level 1 8 | . 14 . . . . Level 2 . | . . . . . . Level 3 . | . . . . . . Level 4 . | . . . . . . Level 5 . | . . . . . . High Security . | . . . . . . Max Security . | . . . . . . Peak Influence 291 | . 291 . . 40 54 Initial 7 | . . . . . 7 Average 42 | . 72 . . 7 5 Influence Increases 641 | . 512 . . 40 89 Destroy 0b10 Robot/C 340 | . 280 . . 40 20 Destroy 0b10 Robot/NC 35 | . 35 . . . . Destroy Leader 74 | . 64 . . . 10 Successful Hack 12 | . 12 . . . . Disable Machine 90 | . 60 . . . 30 Destroy Structure 60 | . 46 . . . 14 Lose Combat Pursuer 30 | . 15 . . . 15 Influence Decreases 641 | . 512 . . 20 109 Entered New Map 13 | . . . . . 13 Time Decay 407 | . 361 . . 20 26 Lost Part 104 | . 34 . . . 70 Purge Threat 117 | . 117 . . . . Squads Dispatched 3 | . 2 . . . 1 Investigation 1 | . . . . . 1 Extermination . | . . . . . . Reinforcement 2 | . 2 . . . . Assault . | . . . . . . Garrison . | . . . . . . Intercept . | . . . . . . Searches Triggered . | . . . . . . Construction Impeded . | . . . . . . Haulers Reinforced . | . . . . . . Active Scanning Responses . | . . . . . . Cargo Convoy Interrupts . | . . . . . . Stealth | -11 -10 -10 -10 -9 -8 --------- Run | Yrd Mat Min Exi Min Mat Distress Signals 2 | . 1 . . . 1 Communications Jammed . | . . . . . . Distress Signals . | . . . . . . Times Spotted 42 | . 30 . . 3 9 Peak Tracking Total 8 | . 6 . . 3 8 Tactical Retreats 2 | . 1 . . . 1 Traps | -11 -10 -10 -10 -9 -8 ------- Run | Yrd Mat Min Exi Min Mat Traps Triggered 2 | . 2 . . . . Indirectly . | . . . . . . Trap Hack Attempts . | . . . . . . Triggered . | . . . . . . Disarmed . | . . . . . . Reprogrammed . | . . . . . . Reused . | . . . . . . Traps Extracted . | . . . . . . Installed . | . . . . . . Triggered . | . . . . . . Machines | -11 -10 -10 -10 -9 -8 ---------- Run | Yrd Mat Min Exi Min Mat Machines Disabled 6 | . 4 . . . 2 Max in Single Turn 2 | . 1 . . . 2 Machines Repaired . | . . . . . . Machines Dismantled . | . . . . . . Machines Sabotaged . | . . . . . . Overloaded Fab Kills . | . . . . . . Hacking | -11 -10 -10 -10 -9 -8 --------- Run | Yrd Mat Min Exi Min Mat Machines Accessed 8 | . 7 . . . 1 Terminals 5 | . 4 . . . 1 Fabricators . | . . . . . . Repair Stations 1 | . 1 . . . . Recycling Units 2 | . 2 . . . . Scanalyzers . | . . . . . . Garrison Access . | . . . . . . Total Hacks 19 | . 15 . . . 4 Successful 13 | . 10 . . . 3 Failed 6 | . 5 . . . 1 Catastrophic 1 | . . . . . 1 Database Lockouts . | . . . . . . Manual . | . . . . . . Terminals 11 | . 7 . . . 4 Fabricators . | . . . . . . Repair Stations 3 | . 3 . . . . Recycling Units 5 | . 5 . . . . Scanalyzers . | . . . . . . Garrison Access . | . . . . . . Terminal Hacks 8 | . 5 . . . 3 Record 3 | . . . . . 3 Robot Analysis 2 | . 2 . . . . Branch Access Points 1 | . 1 . . . . Emergency Access Points 1 | . 1 . . . . Unreport Threat 1 | . 1 . . . . Fabricator Hacks . | . . . . . . Repair Station Hacks 2 | . 2 . . . . Scan Component 1 | . 1 . . . . Repair 1 | . 1 . . . . Recycling Unit Hacks 3 | . 3 . . . . Recycle Component 1 | . 1 . . . . Retrieve Matter 1 | . 1 . . . . Retrieve Components 1 | . 1 . . . . Scanalyzer . | . . . . . . Garrison Access Hacks . | . . . . . . Unauthorized Hacks . | . . . . . . Terminals . | . . . . . . Fabricators . | . . . . . . Repair Stations . | . . . . . . Recycling Units . | . . . . . . Scanalyzers . | . . . . . . Garrison Access . | . . . . . . Data Cores Recovered . | . . . . . . Used . | . . . . . . Hacking Detections 7 | . 6 . . . 1 Full Trace Events 1 | . . . . . 1 Feedback Events . | . . . . . . Feedback Blocked . | . . . . . . Robot Schematics Acquired . | . . . . . . Robots Built . | . . . . . . Authchips . | . . . . . . Time . | . . . . . . Total Robot Build Rating . | . . . . . . Part Schematics Acquired . | . . . . . . Parts Built . | . . . . . . Authchips . | . . . . . . Time . | . . . . . . Total Part Build Rating . | . . . . . . Part Studies Acquired . | . . . . . . Parts Repaired 1 | . 1 . . . . Time 26 | . 26 . . . . Parts Recycled 1 | . 1 . . . . Recycled Matter . | . . . . . . Retrieved Matter . | . . . . . . Retrieved Components 6 | . 6 . . . . Parts Scanalyzed . | . . . . . . Part Schematics Acquired . | . . . . . . Parts Damaged . | . . . . . . Bothacking | -11 -10 -10 -10 -9 -8 ------------ Run | Yrd Mat Min Exi Min Mat Used RIF Installer . | . . . . . . Robots Hacked . | . . . . . . Non-combat . | . . . . . . Combat . | . . . . . . Robot Hacks Applied . | . . . . . . Relay Couplers Released . | . . . . . . Fabnet Peak Effective % . | . . . . . . Robots Rewired . | . . . . . . Allies Hacked . | . . . . . . Hacks Repelled . | . . . . . . Allies | -11 -10 -10 -10 -9 -8 -------- Run | Yrd Mat Min Exi Min Mat Total Allies . | . . . . . . Largest Group . | . . . . . . Highest-Rated Group . | . . . . . . Highest-Rated Ally . | . . . . . . Total Orders . | . . . . . . Ally Attacks . | . . . . . . Total Damage . | . . . . . . Kills . | . . . . . . Allies Corrupted . | . . . . . . Allies Melted . | . . . . . . Intel | -11 -10 -10 -10 -9 -8 ------- Run | Yrd Mat Min Exi Min Mat Active Infowar (turns) 2339 | . 1086 961 123 169 . Structural 2124 | . 871 961 123 169 . T.N.C. 215 | . 215 . . . . Robot Analysis Total 2 | . 2 . . . . Derelict Logs Recovered 1 | . . 1 . . . Drone Launches . | . . . . . . Drone Recoveries . | . . . . . . Exploration | -11 -10 -10 -10 -9 -8 ------------- Run | Yrd Mat Min Exi Min Mat Turns Passed 3551 | 152 1983 961 123 179 153 Spaces Moved 1503 | 41 891 396 48 64 63 Core 10 | 9 . . . . 1 Treads 1291 | . 721 396 48 64 62 Legs 202 | 32 170 . . . . Wheels . | . . . . . . Hover . | . . . . . . Flight . | . . . . . . Fastest Speed 50 | 50 120 240 240 240 160 Average Speed 209 | 104 199 240 240 240 172 Slowest Speed 700 | 120 240 240 240 240 700 Overloaded Moves . | . . . . . . Propulsion Burnouts . | . . . . . . Robots Hopped . | . . . . . . Potential Cave-ins . | . . . . . . Cave-ins Triggered . | . . . . . . Exploration Rate (%) 36 | 4 90 94 8 11 10 Regions Visited 5 Branch Regions 3 Pre-discovered Areas 1 | . . 1 . . . Known Exits Taken 1 | . 1 . . . . Unknown Exits Taken 4 | 1 . 1 1 1 . Scrap Searched 1 | . . 1 . . . Spaces Dug . | . . . . . . Terrain Destroyed 62 | . 44 . . . 18 Melee . | . . . . . . Projectile . | . . . . . . AOE 62 | . 44 . . . 18 Terrain Rammed . | . . . . . . Walls Destroyed . | . . . . . . Machines Disabled . | . . . . . . Actions | -11 -10 -10 -10 -9 -8 --------- Run | Yrd Mat Min Exi Min Mat Total 1784 | 149 1017 403 52 74 89 Wait 106 | 92 14 . . . . Move 1498 | 40 890 395 47 63 63 Hop . | . . . . . . Pick Up 44 | 10 27 3 . . 4 Fast Attach 1 | . 1 . . . . Attach 26 | 6 9 . . 1 10 Detach 1 | . 1 . . . . Swap 17 | 1 15 . . 1 . Drop 7 | . 7 . . . . Fire 63 | . 45 5 5 2 6 Melee 19 | . 7 . . 7 5 Ram . | . . . . . . Kick . | . . . . . . Crush 2 | . 1 . . . 1 Escape Stasis . | . . . . . . Rewire . | . . . . . . Trap . | . . . . . . Miscellaneous . | . . . . . . Route ------- -11/Scrapyard -10/Materials (discovered 4 exits: [*Mat x3] / *Min) -10/Mines (discovered 4 exits: [*Mat x2] / [*Exi] / [*Sub]) -10/Exiles -9/Mines -8/Materials History --------- Turn | Location | Event 9 | -11/Scrapyard | Discovered new exit (range 15) 153 | -11/Scrapyard | Entered Materials 255 | -10/Materials | Discovered new exit (range 15) 312 | -10/Materials | Build established: Mutant 547 | -10/Materials | Repaired Grenade Launcher 954 | -10/Materials | Discovered new exit (range 8) 1366 | -10/Materials | Discovered new exit (range 16) 1739 | -10/Materials | Core integrity fell below 50% 1902 | -10/Materials | Discovered new exit (range 13) 1951 | -10/Materials | Identified exit to Mines 2136 | -10/Materials | Entered Mines 2156 | -10/Mines | Learned location of Storage (-9) 2204 | -10/Mines | Discovered new exit (range 15) 2677 | -10/Mines | Found a hidden stash of uninstalled traps 2730 | -10/Mines | Discovered new exit (range 10) 2980 | -10/Mines | Discovered new exit (range 3) 3083 | -10/Mines | Deemed a non-threat by the Exiles lab entrance 3083 | -10/Mines | Discovered new exit (range 5) 3097 | -10/Mines | Entered Exiles 3170 | -10/Exiles | Discovered new exit (range 15) 3220 | -10/Exiles | Entered Mines 3223 | -9/Mines | Met a Derelict bent on vengeance 3249 | -9/Mines | Discovered new exit (range 10) 3331 | -9/Mines | Core integrity fell below 20% 3399 | -9/Mines | Entered Materials 3399 | -8/Materials | Evolved 4 slots: Power x1, Propulsion x1, Utility x2 3537 | -8/Materials | Core integrity fell below 50% 3543 | -8/Materials | Core integrity fell below 20% 3552 | -8/Materials | Destroyed by G-47 Trooper with Particle Gun Last Messages --------------- 03536_ L-31 Rogue suffers critical hit (Burn). 03536_ U-05 Engineer lays Concrete. 03539_ U-05 Engineer builds a Wall. 03539_ Mining Claw severed. 03539_ U-05 Engineer lays Concrete. 03540_ Critical hit (Burn: +37). 03540_ U-05 Engineer lays Concrete. 03541_ Mining Claw follow-up attack on L-31 Rogue. 03541_ U-05 Engineer lays Concrete. 03542_ Critical hit (Burn: +37). 03542_ Mining Claw destroyed. 03543_ U-05 Engineer builds a Wall. 03544_ Mining Claw destroyed. 03544_ U-05 Engineer lays Concrete. 03545_ L-31 Rogue destroyed. 03546_ U-05 Engineer lays Concrete. 03549_ U-05 Engineer builds a Wall. 03550_ U-05 Engineer lays Concrete. [Achievement: Hydra] Map ----- +----------------------------------------------------+ | ?????????????????????????????????????? | | ?????????????????????????????????????? | | ?????????????????????????????????????? | | ?????????????????????????????????????? | | ?????????????????????????????????????? | | ?????????????????????????????????????? | | ?????????#???????????????????????????? | | ????????? !??????????????????????????? | | ???????"" ???????????????????????????? | | ???????"" ???????????????????????????? | | ??????? ????????#??????????????????? | | ??????? ??????? #??????????????????? | | ????#+##+######## #??????????????????? | | ????# #??????????????????? | | ??### ^ ???????????????????? | | ??#"" == ????????????????????? | | ??#" = ??????????????????????? | | ??#" "##??????????????????????? | | ??# " #??????????????????????? | | ??# % "##??????????????????????? | | ??###u " #??????????????????????? | | ??# # " #??????????????????????? | | ???## g"############????????????? | | ???#;uu g/#?# #????????????? | | ???#; Y%### ! #????????????? | | ???## Y/@ + #????????????? | | ????#### ####### #????????????? | | ???????# #?????# #????????????? | | ???????# #?????# #????????????? | | ??????? ?????# #????????????? | | ??????? ! ?????# ##########???? | | ?????? ????# # #???? | | ?????? ????######+### #???? | | ?????? ???????# # #???? | | ?????## ##??????# # #???? | | ??????# #???????# " + #???? | | ??????? #???????# # #???? | | ??????? #???????# # #???? | | ??????? ??######## ## #???? | | ???????## ??# # ## #???? | | ????????????# "T" + ###########???? | | ????????????# # #?????????????? | | ????????????# # #?????????????? | | ????????????# #####?????????????? | | ????????????# #?????????????????? | | ????????????########?????????????????? | | ?????????????????????????????????????? | | ?????????????????????????????????????? | | ?????????????????????????????????????? | | ?????????????????????????????????????? | +----------------------------------------------------+ Best States ------------- Heat Dissipation 31 Energy Generation 15 Energy Capacity 275 Matter Stores 300 Matter Capacity 300 Sight Range 16 Terrain Scan Density 10 Armor Coverage 150 Propulsion Shielding 33 Utility Shielding 33 Weapon Shielding 33 Evasion (%) 55 Recoil Reduction 3 Item Schematics ----------------- None Robot Schematics ------------------ None Fabricated ------------ Nothing Repaired ---------- Grenade Launcher | 16% | -10/Materials Studied --------- None Alien Tech Used ----------------- None Achievements -------------- Everything Is Under Control Hydra Oops Overwhelming That Tickles Challenges ------------ None Game ------ Seed GravityPortableAccelerator Manual? 0 Play Time 00:44:39 Cumulative 7.7 hours Start 2025.12.11 @ 22:00:15 End 2025.12.11 @ 22:45:22 Sessions 1 Manual Loads 0 Difficulty Rogue Special Mode None Game No. 4 Rogue 4 Adventurer 0 Explorer 0 Win Type - Total 0 Types 0/0/0/0/0/0/0/0/0/0 Lore% 4 Gallery% 9 Achievement% 9 Wizard Run 0 Options --------- Layout 2 ASCII 0 Keyboard 0 Movement Mouse Keybinds 0 Fullscreen 2 Font 32/SmallcapsGlow Map View 50x44 Zoom Use 0% Tactical HUD 1 Map Filters NONE Filters LOW_CONTRAST(13,24,33) Steam 1 RUN: 159353e8-b586-4c8f-a4f4-20685bfe831f